 Dungeon Crawl Stone Soup version 0.23.2 (webtiles) character file.

Game seed: 11082630436720751283

25600 lysyklops the Protected (level 12, 107/113 HPs)
             Began as a Minotaur Fighter on Apr 7, 2019.
             Was a High Priest of Okawaru.
             Quit the game in a Gauntlet on Apr 8, 2019.
             The game lasted 00:31:30 (13635 turns).

lysyklops the Protected (Minotaur Fighter)         Turns: 13635, Time: 00:31:31

Health: 107/113    AC: 20    Str: 26      XL:     12   Next: 90%
Magic:  17/17      EV:  5    Int:  4 (5)  God:    Okawaru [*****.]
Gold:   861        SH:  0    Dex: 10      Spells: 11/11 levels left

rFire    . . .     SeeInvis +   a - +1 war axe
rCold    + + +     Gourm    .   q - +2 shield
rNeg     . . .     Faith    .   j - +8 scale mail "Roppez" {*Slow rPois rF+ rC+++}
rPois    +         Spirit   .   K - +2 hat {SInv}
rElec    .         Reflect  .   D - +0 cloak
rCorr    .         Harm     +   (no gloves)
MR       .....     NoTele   +   (no boots)
Stlth    ..........             c - amulet of harm
HPRegen  0.28/turn              b - ring of ice
MPRegen  0.15/turn              (no ring)

@: petrifying, very slow
A: retaliatory headbutt, horns 2
a: Heroism, Finesse, Renounce Religion


You were in a Gauntlet.
You worshipped Okawaru.
Okawaru was extremely pleased with you.
You were not hungry.

You visited 2 branches of the dungeon, and saw 13 of its levels.
You also visited: Sewer and Gauntlet.

You collected 861 gold pieces.

Inventory:

Hand Weapons
 a - a +1 war axe (weapon)
Armour
 j - the +8 scale mail "Roppez" (worn) {*Slow rPois rF+ rC+++}
   (Okawaru gifted it to you on level 2 of the Lair of Beasts)

   It protects you from fire.
   It renders you almost immune to cold.
   It protects you from poison.
   It may slow you when you take damage.
 q - a +2 shield (worn)
 D - a +0 cloak (worn)
 H - a +0 plate armour
 K - a +2 hat of see invisible (worn)
Jewellery
 b - a ring of ice (left hand)
 c - an amulet of harm (around neck)
 p - an uncursed ring of ice
 J - an uncursed amulet of faith {unknown}
 N - a cursed ring of attention {unknown}
Wands
 w - a wand of digging (5)
 y - a wand of disintegration (14)
 z - a wand of random effects (19)
 G - a wand of acid (5)
 L - a wand of polymorph (8)
Scrolls
 g - 2 scrolls of enchant armour
 i - 4 scrolls of enchant weapon
 l - 2 scrolls of fog
 m - 8 scrolls of remove curse
 n - 2 scrolls of identify
 o - 2 scrolls of magic mapping
 r - 2 scrolls of amnesia {unknown}
 t - 2 scrolls of immolation {unknown}
 v - 6 scrolls of teleportation
 x - 3 scrolls of blinking {unknown}
 B - a scroll of silence {unknown}
 C - a scroll of fear {unknown}
 M - a scroll of vulnerability {unknown}
Potions
 d - 2 potions of might
 e - 5 potions of heal wounds
 h - 6 potions of haste
 k - 12 potions of curing
 s - 5 potions of degeneration
 u - 4 potions of flight
 A - 2 potions of berserk rage
 E - a potion of lignification
 F - 3 potions of mutation
 I - a potion of magic
Comestibles
 f - 16 rations


   Skills:
 + Level 12.5 Fighting
 + Level 12.3 Axes
 + Level 12.5 Armour
 + Level 12.5 Shields
 - Level 8.0 Invocations


You had 11 spell levels left.
You didn't know any spells.
Your spell library contained the following spells:

 Spells                   Type           Power        Failure   Level  Hunger
 Animate Skeleton         Necr           N/A          83%         1    ##.....
 Apportation              Tloc           #.....       83%         1    ##.....
 Confusing Touch          Hex            #.....       83%         1    ##.....
 Corona                   Hex            #......      83%         1    ##.....
 Magic Dart               Conj           #...         83%         1    ##.....
 Summon Small Mammal      Summ           #...         83%         1    ##.....
 Ensorcelled Hibernation  Hex/Ice        #.....       92%         2    ###....
 Poisonous Vapours        Pois/Air       #.....       92%         2    ###....
 Searing Ray              Conj           #.....       92%         2    ###....
 Confuse                  Hex            #.......     99%         3    ####...
 Conjure Flame            Conj/Fire      #.......     99%         3    ####...
 Dazzling Spray           Conj/Hex       #.....       99%         3    ####...
 Mephitic Cloud           Conj/Pois/Air  #.......     99%         3    ####...
 Tukima's Dance           Hex            #.......     99%         3    ####...
 Force Lance              Conj/Tloc      #.......     100%        4    #####..
 Fulminant Prism          Conj/Hex       #.........   100%        4    #####..
 Iskenderun's Mystic Bla  Conj           #.......     100%        4    #####..
 Irradiate                Conj/Tmut      #.........   100%        5    ######.
 Freezing Cloud           Conj/Ice/Air   #.........   100%        6    #######
 Hydra Form               Tmut           #.........   100%        6    #######
 Statue Form              Tmut/Erth      #........    100%        6    #######
 Dragon Form              Tmut           #.........   100%        7    #######
 Ring of Flames           Chrm/Fire      #.........   100%        7    #######


Dungeon Overview and Level Annotations

Branches:
Dungeon (10/15)            Temple (0/1) D:5            Lair (3/6) D:9
  Swamp (0/4) Lair:2
  Snake: Lair:2-4    Spider: Lair:2-4       Orc: D:9-12

Altars:
Ashenzari
Gozag
Hepliaklqana
Makhleb
Nemelex Xobeh
Okawaru
Qazlal
Sif Muna
Xom

Shops:
D:6 *

Portals:
Trove: D:10 (give 7 scrolls of blinking)

Annotations:
D:3 1 runed translucent door, shugdite's ghost, amateur MiFi
D:6 3 runed translucent doors, Flogoulo's ghost, novice FoFi; Paps's ghost, novice OpFi; jt's ghost, novice OpMo; lysyklops's ghost, amateur MiFi
Lair:1 2 transporters, grocchini's ghost, journeyman DsFi Gauntlet 21 runed translucent doors, 7 transporters, exclusion: orange crystal statue


Innate Abilities, Weirdness & Mutations

You reflexively headbutt those who attack you in melee.
You have a pair of horns on your head.


Message History

You hit the catoblepas but do no damage.
The catoblepas is lightly wounded.
You hit the shadow imp. You block the shadow imp's attack.
The catoblepas breathes a plume of calcifying dust at you.
The blast of calcifying dust hits you but does no damage.
The orange crystal statue glitters.
You hit the catoblepas but do no damage.
The catoblepas is lightly wounded.
You barely miss the shadow imp.
You are engulfed in calcifying dust.
You are slowing down.
The shadow imp gestures at you. You resist with significant effort.
The catoblepas gores you!
The boggart mumbles some strange words.
The boggart blinks!
The boggart gestures wildly while chanting.
The boggart casts a spell.
The orange crystal statue fixes its piercing gaze on you.
You feel dopey. Something feeds on your intellect!
Are you sure you want to abandon this character and quit the game? (Confirm with "yes".)

# ### ### ### ### ### # #8#
#8# #8# #8# #8#
########################
......................≈#
.......................#
#######...###########..###
......#.8.##§§§....##..#8#
####..#...#§#§§§§5#.#..###
...##.#####§§#§§@#.?#..#####
###.#.#...#§§§#§#Y.G#..#≈8≈#
.©.##.#©.©#§§§§#.Y8g#..#...#
####.##...#..§#^#YY!#..#.8.#
....#######..#^..#gZ#..#...#
#####©#...#.#....^#Y#..#.8.#
.....##...##.......##..#...#
#######...###########..#...#
........≈.............≈#.©.##.


You could see a catoblepas, an orange crystal statue, 4 elephants, a shining
eye, 2 boggarts, a shadow imp and a spiny frog simulacrum.

Vanquished Creatures
  Gastronok (Lair:1)
  A reaper (Gauntlet)
  3 hydras
  A centaur warrior (D:8)
  2 two-headed ogres
  A queen ant (D:9)
  Nergalle (Lair:1)
  A swamp dragon (Lair:2)
  2 black mambas
  Joseph (D:8)
  2 spiny frogs
  A rime drake (Lair:2)
  5 komodo dragons
  2 hellwings (Gauntlet)
  2 trolls
  Grinder (Sewer)
  2 hippogriffs
  A wraith (D:8)
  A wyvern (Lair:1)
  27 yaks
  5 soldier ants (D:9)
  6 water moccasins
  3 porcupines
  2 orc warriors
  4 phantoms
  3 sky beasts
  An eye of draining (D:8)
  2 black bears
  6 ogres
  3 centaurs
  14 wolves
  7 crocodiles
  11 bullfrogs
  3 big kobolds
  A scorpion (D:10)
  A water moccasin skeleton (D:4)
  7 killer bees
  2 bullfrog zombies
  2 howler monkeys
  8 crimson imps
  2 centaur skeletons
  A centaur zombie (D:7)
  5 hounds
  3 jellies
  4 orc priests
  2 quasits
  7 orc wizards
  An iguana (Lair:2)
  27 worker ants
  2 big kobold zombies (Sewer)
  3 worker ant zombies
  5 gnolls
  10 adders
  4 shadow imps
  3 ufetubi (Sewer)
  5 oozes
  3 worms
  3 dart slugs (D:1)
  5 leopard geckos
  24 orcs
  2 ball pythons (Sewer)
  11 bats
  6 giant cockroaches
  9 goblins
  5 hobgoblins
  2 jackals (D:3)
  26 kobolds
  8 quokkas
  3 frilled lizards
  A jackal skeleton (D:8)
  2 quokka zombies
  8 rats
  A fungus (Lair:1)
352 creatures vanquished.

Vanquished Creatures (others)
  A kobold zombie (Sewer)
  2 fungi (Lair:1)
  A plant (Lair:1)
  5 toadstools (D:5)
  18 withered plants (Gauntlet)
27 creatures vanquished.

Grand Total: 379 creatures vanquished

Notes
Turn   | Place    | Note
-------+----------+-------------------------------------------
     0 | D:1      | lysyklops the Minotaur Fighter began the quest for the Orb.
     0 | D:1      | Reached XP level 1. HP: 19/19 MP: 0/0
    34 | D:1      | Reached XP level 2. HP: 27/27 MP: 1/1
   156 | D:1      | Reached XP level 3. HP: 33/33 MP: 2/2
   571 | D:2      | Reached XP level 4. HP: 31/40 MP: 3/3
   717 | D:2      | Found a hazy altar of Hepliaklqana.
  1378 | D:3      | Reached XP level 5. HP: 47/47 MP: 4/4
  1527 | D:3      | Found a glowing drain.
  1545 | Sewer    | Entered a sewer
  1608 | Sewer    | Reached skill level 5 in Armour
  1811 | Sewer    | Found a burning altar of Makhleb.
  1830 | Sewer    | Reached skill level 5 in Fighting
  1830 | Sewer    | Reached skill level 5 in Shields
  1830 | Sewer    | Reached XP level 6. HP: 38/56 MP: 5/5
  2023 | Sewer    | Noticed Grinder
  2031 | Sewer    | Paralysed by Grinder for 2 turns
  2040 | Sewer    | Paralysed by Grinder for 3 turns
  2048 | Sewer    | Killed Grinder
  2048 | Sewer    | Reached skill level 5 in Axes
  2048 | Sewer    | Reached XP level 7. HP: 41/62 MP: 6/6
  2212 | D:3      | Found a runed translucent door.
  2212 | D:3      | Noticed shugdite's ghost (amateur MiFi)
  2734 | D:4      | Found a shattered altar of Ashenzari.
  2734 | D:4      | Found an iron altar of Okawaru.
  2781 | D:4      | Became a worshipper of Warmaster Okawaru
  3451 | D:5      | Entered Level 5 of the Dungeon
  3471 | D:5      | Reached * piety under Okawaru
  3471 | D:5      | Reached XP level 8. HP: 55/71 MP: 7/7
  3551 | D:5      | Found a staircase to the Ecumenical Temple.
  3798 | D:5      | Found a sparkling altar of Nemelex Xobeh.
  3798 | D:5      | Found an opulent altar of Gozag.
  3873 | D:5      | Reached skill level 1 in Invocations
  4297 | D:6      | Found a stormy altar of Qazlal.
  4393 | D:6      | Found Rutesop's Assorted Antiques.
  4495 | D:6      | Reached ** piety under Okawaru
  4557 | D:6      | Reached XP level 9. HP: 77/80 MP: 8/10
  4853 | D:6      | Found a runed translucent gate.
  4853 | D:6      | Found a runed translucent gate.
  4853 | D:6      | Noticed Flogoulo's ghost (novice FoFi)
  4853 | D:6      | Noticed lysyklops's ghost (amateur MiFi)
  4854 | D:6      | Found a runed translucent gate.
  4854 | D:6      | Noticed Paps's ghost (novice OpFi)
  4854 | D:6      | Noticed jt's ghost (novice OpMo)
  4980 | D:6      | Found a shimmering altar of Xom.
  5508 | D:7      | Noticed a two-headed ogre
  5518 | D:7      | Killed a two-headed ogre
  6172 | D:8      | Noticed a centaur warrior
  6184 | D:8      | Killed a centaur warrior
  6184 | D:8      | Reached *** piety under Okawaru
  6184 | D:8      | Reached XP level 10. HP: 51/90 MP: 12/12
  6669 | D:8      | Reached skill level 5 in Invocations
  6685 | D:8      | Noticed a four-headed hydra
  6690 | D:8      | Noticed a two-headed ogre
  6692 | D:8      | Killed a four-headed hydra
  6715 | D:8      | Killed a two-headed ogre
  6715 | D:8      | Reached **** piety under Okawaru
  7047 | D:8      | Found a deep blue altar of Sif Muna.
  7107 | D:8      | Noticed Joseph
  7123 | D:8      | Killed Joseph
  7123 | D:8      | Reached ***** piety under Okawaru
  7233 | D:8      | Found a burning altar of Makhleb.
  7468 | D:9      | Reached skill level 10 in Armour
  7503 | D:9      | Noticed a queen ant
  7520 | D:9      | Reached skill level 10 in Fighting
  7523 | D:9      | Killed a queen ant
  7523 | D:9      | Reached skill level 10 in Shields
  7523 | D:9      | Reached XP level 11. HP: 75/99 MP: 12/14
  7560 | D:9      | HP: 2/99 [poisoned by a soldier ant]
  7568 | D:9      | Reached skill level 10 in Axes
  7962 | D:9      | Found a staircase to the Lair.
  8432 | D:10     | Entered Level 10 of the Dungeon
  9143 | D:10     | Found a portal to a secret trove of treasure.
  9539 | Lair:1   | Entered Level 1 of the Lair of Beasts
  9539 | Lair:1   | Noticed Nergalle
  9574 | Lair:1   | Killed Nergalle
  9574 | Lair:1   | Received a gift from Okawaru
 10158 | Lair:1   | Noticed Gastronok
 10161 | Lair:1   | Noticed grocchini's ghost (journeyman DsFi)
 10173 | Lair:1   | Killed Gastronok
 10253 | Lair:1   | Noticed a five-headed hydra
 10265 | Lair:1   | Killed a five-headed hydra
 10265 | Lair:1   | Reached XP level 12. HP: 88/110 MP: 16/16
 10362 | Lair:1   | Found a transporter.
 10366 | Lair:1   | Found a transporter.
 11325 | Lair:2   | Noticed a four-headed hydra
 11331 | Lair:1   | Killed a four-headed hydra
 11490 | Lair:1   | Reached ****** piety under Okawaru
 11703 | Lair:2   | Received a gift from Okawaru
 11738 | Lair:2   | Got a jewelled scale mail {god gift}
 11751 | Lair:2   | Identified the +8 scale mail "Roppez" {*Slow rPois rF+
                  | rC+++} (Okawaru gifted it to you on level 2 of the Lair of
                  | Beasts)
 12292 | Lair:2   | Found a staircase to the Swamp.
 12831 | Lair:3   | Noticed a seven-headed hydra
 12836 | Lair:3   | Found a gate leading to a gauntlet.
 12845 | Gauntlet | Entered a Gauntlet
 12845 | Gauntlet | Found a large runed translucent door.
 12845 | Gauntlet | Found a large runed translucent door.
 12845 | Gauntlet | Found a large runed translucent door.
 12845 | Gauntlet | Found a large runed translucent door.
 12845 | Gauntlet | Found a transporter.
 12845 | Gauntlet | Found a large runed translucent door.
 12845 | Gauntlet | Found a large runed translucent door.
 12845 | Gauntlet | Found a large runed translucent door.
 12845 | Gauntlet | Found a large runed translucent door.
 12845 | Gauntlet | Found a runed translucent door.
 12845 | Gauntlet | Found a runed translucent gate.
 12845 | Gauntlet | Found a transporter.
 12845 | Gauntlet | Found a transporter.
 12845 | Gauntlet | Found a runed translucent gate.
 12845 | Gauntlet | Found a transporter.
 12845 | Gauntlet | Noticed a reaper
 13181 | Gauntlet | Found a runed translucent door.
 13181 | Gauntlet | Found a runed translucent gate.
 13190 | Gauntlet | Found a large runed translucent door.
 13190 | Gauntlet | Found a large runed translucent door.
 13191 | Gauntlet | Found a large runed translucent door.
 13192 | Gauntlet | Found a large runed translucent door.
 13196 | Gauntlet | Found a transporter.
 13201 | Gauntlet | Found a large runed translucent door.
 13201 | Gauntlet | Found a large runed translucent door.
 13202 | Gauntlet | Found a large runed translucent door.
 13203 | Gauntlet | Found a large runed translucent door.
 13204 | Gauntlet | Found a transporter.
 13208 | Gauntlet | Found a transporter.
 13224 | Gauntlet | Found a transporter.
 13227 | Gauntlet | Found a transporter.
 13227 | Gauntlet | Found a transporter.
 13346 | Gauntlet | Killed a reaper
 13627 | Gauntlet | Noticed a catoblepas
 13635 | Gauntlet | Quit the game

Skill      XL: |  1  2  3  4  5  6  7  8  9 10 11 12 |
---------------+-------------------------------------+-----
Axes           | 3 4 5 6 7 8 9 11 12 | 12.3
Armour         | 4 5 6 7 9 10 11 12 | 12.5
Fighting       | 4 5 6 7 8 10 11 12 | 12.5
Shields        | 4 5 6 7 8 10 11 12 | 12.5
Invocations    | 2 4 6 7 8 |  8.0

Action                   |  1- 3 |  4- 6 |  7- 9 | 10-12 || total
-------------------------+-------+-------+-------+-------++-------
Melee: War axe           |    72 |   160 |   283 |   638 ||  1153
       Headbutt          |     9 |    16 |    54 |   131 ||   210
Invok: Heroism           |       |       |     1 |    11 ||    12
       Finesse           |       |       |       |     1 ||     1
Evoke: Wand              |       |       |       |    16 ||    16
  Use: Scroll            |       |       |       |    17 ||    17
       Potion            |       |       |       |     1 ||     1
  Eat: Chunk             |       |     3 |    13 |     9 ||    25
       Ration            |       |       |       |     5 ||     5
Armor: Scale mail        |    30 |    85 |    74 |    46 ||   235
       Plate armour      |       |       |     9 |   231 ||   240
Dodge: Dodged            |    14 |    68 |    91 |   163 ||   336
Block: Shield            |    36 |   123 |   202 |   565 ||   926
